 Dungeon Crawl Stone Soup version 0.23.2-1-ga50397a6bc (webtiles) character file.

Game seed: 2749478530786514990

1870 Mrkan the Basher (level 8, -2/79 HPs)
             Began as a Troll Monk on May 27, 2019.
             Was an Elder of Zin.
             Slain by a hippogriff (3 damage)
             ... on level 7 of the Dungeon.
             The game lasted 00:17:16 (5206 turns).

Mrkan the Basher (Troll Monk)                       Turns: 5206, Time: 00:17:17

Health: -2/79      AC:  8    Str: 21    XL:     8   Next: 90%
Magic:  10/10      EV: 11    Int:  7    God:    Zin [****..]
Gold:   351        SH:  0    Dex: 15    Spells: 7/7 levels left

rFire    . . .     SeeInvis .   H - +0 dire flail
rCold    . . .     Gourm    +   (shield currently unavailable)
rNeg     + + .     Faith    .   b - +0 robe
rPois    ∞         Spirit   .   (helmet restricted)
rElec    .         Reflect  +   w - +1 cloak
rCorr    .         Harm     .   (gloves unavailable)
MR       .....                  (boots unavailable)
Stlth    +.........             n - +2 amulet of reflection
HPRegen  0.63/turn              k - ring of positive energy
MPRegen  0.12/turn              v - ring of positive energy

@: confused, vitalised
A: large, unfitting armour, claws 3, fast metabolism 3, gourmand, regeneration
1, shaggy fur 1, tough skin 3
a: Recite, Vitalisation, Imprison, Donate Gold, Renounce Religion


You were on level 7 of the Dungeon.
You worshipped Zin.
Zin was greatly pleased with you.
You were not hungry.

You visited 1 branch of the dungeon, and saw 8 of its levels.

You collected 390 gold pieces.
You donated 39 gold pieces to Zin.

Inventory:

Hand Weapons
 a - a +0 mace
 A - a +0 giant club
 E - a +2 mace of crushing
 F - a +1 flail of protection
 H - a +0 dire flail (weapon)
Missiles
 x - 4 curare-tipped needles
 y - 9 large rocks (quivered)
Armour
 b - a +0 robe (worn)
 w - a +1 cloak (worn)
Magical Staves
 g - an uncursed staff of death {unknown}
Jewellery
 k - a ring of positive energy (left claw)
 n - a +2 amulet of reflection (around neck)
 u - an uncursed amulet of rage
 v - a ring of positive energy (right claw)
Wands
 s - a wand of scattershot (5)
Scrolls
 e - 2 scrolls of magic mapping
 f - 5 scrolls of amnesia
 h - 3 scrolls of remove curse
 o - a scroll of enchant armour
 p - 4 scrolls of teleportation
 C - a scroll of fog
 D - a scroll of enchant weapon {unknown}
Potions
 d - a potion of ambrosia
 i - 3 potions of brilliance
 j - a potion of agility
 l - 4 potions of flight
 m - a potion of haste {unknown}
 q - a potion of lignification
 r - 2 potions of cancellation
 t - a potion of degeneration {unknown}
 z - 3 potions of curing {unknown}
 B - 2 potions of might
Comestibles
 c - 15 rations


   Skills:
 * Level 4.7 Fighting
 - Level 8.6 Maces & Flails
 - Level 2.4 Dodging
 - Level 1.0 Stealth
 + Level 4.9 Invocations


You had 7 spell levels left.
You didn't know any spells.
Your spell library was empty.

Dungeon Overview and Level Annotations

Branches:
Dungeon (8/15)             Temple (0/1) D:6
   Lair: D:8-11

Altars:
Ashenzari
Gozag
Nemelex Xobeh
Zin
The Shining One

Shops:
D:7 *

Annotations:
D:8 Erica


Innate Abilities, Weirdness & Mutations

You are too large for most types of armour.
You have claws for hands.
Your metabolism is lightning-fast.
You like to eat raw meat.
Your natural rate of healing is unusually fast.
You are covered in fur. (AC +1)
You have extremely tough skin. (AC +3)


Message History

The hippogriff bites you but does no damage.
The hippogriff pecks you but does no damage.
The hippogriff closely misses you. The bullfrog misses you.
The leopard gecko closely misses you.
Okay, then.
Okay, then.
You puncture the hippogriff!
The hippogriff is severely wounded.
The bullfrog closely misses you. The hippogriff bites you.
* * * LOW HITPOINT WARNING * * *
The hippogriff pecks you but does no damage.
The hippogriff claws you but does no damage.
The leopard gecko bites you.
* * * LOW HITPOINT WARNING * * *
You barely miss the leopard gecko.
The bullfrog hits you but does no damage.
The hippogriff misses you. The hippogriff pecks you!
* * * LOW HITPOINT WARNING * * *
The hippogriff claws you.
You die...

###....#...........##....#....
#.................#.........
#...#....).............#.###
#######................#####
##.#.....####....##.).
#.........#.#....#..#.
##>##...............##
##..##Hl###..#.......##
#..###@F####.#.......##
#...###..##..#.......#.
##....#......#8........
#............#......#.#
##..####....8.∩.8.##### ####
###.....#.<.#..#
##...8........ ###
##...........
##.#####).........


You could see a hippogriff, a bullfrog and a leopard gecko.

Vanquished Creatures
  A steam dragon (D:5)
  Edmund (D:6)
  Duvessa (D:6)
  3 orc warriors
  2 ogres
  A centaur (D:5)
  A bullfrog (D:7)
  Dowan (D:6)
  2 scorpions
  A killer bee (D:8)
  A howler monkey (D:7)
  3 orc priests
  A gnoll shaman (D:6)
  2 orc wizards
  A bullfrog skeleton (D:7)
  An iguana (D:6)
  6 worker ants
  9 adders
  8 gnolls
  3 oozes
  An adder zombie (D:7)
  An adder skeleton (D:4)
  3 worms (D:3)
  A dart slug (D:3)
  7 leopard geckos
  27 orcs
  5 giant cockroaches
  12 goblins
  8 hobgoblins
  7 kobolds
  6 quokkas
  3 ball pythons
  11 bats
  4 frilled lizards
  A leopard gecko skeleton (D:4)
  3 rats (D:1)
149 creatures vanquished.

Notes
Turn   | Place    | Note
-------+----------+-------------------------------------------
     0 | D:1      | Mrkan the Troll Monk began the quest for the Orb.
     0 | D:1      | Reached XP level 1. HP: 22/22 MP: 0/0
    26 | D:1      | Reached skill level 3 in Maces & Flails
   143 | D:1      | Reached XP level 2. HP: 29/29 MP: 1/1
   410 | D:1      | Reached XP level 3. HP: 34/36 MP: 2/2
   612 | D:1      | Reached skill level 4 in Maces & Flails
   622 | D:1      | Found a glowing golden altar of the Shining One.
   777 | D:2      | You fall through a shaft for 2 floors!
   885 | D:4      | Noticed an ogre
   907 | D:4      | Killed an ogre
   907 | D:4      | Reached skill level 5 in Maces & Flails
   907 | D:4      | Reached XP level 4. HP: 29/44 MP: 3/3
   907 | D:4      | Reached XP level 5. HP: 33/50 MP: 4/4
  1771 | D:3      | Reached skill level 6 in Maces & Flails
  1849 | D:3      | Reached XP level 6. HP: 33/59 MP: 5/5
  2121 | D:3      | Found a shattered altar of Ashenzari.
  2588 | D:4      | Found an opulent altar of Gozag.
  2589 | D:4      | Found a glowing silver altar of Zin.
  2608 | D:4      | Became a worshipper of Zin the Law-Giver
  2608 | D:4      | Reached * piety under Zin
  2608 | D:4      | Reached ** piety under Zin
  2967 | D:5      | Entered Level 5 of the Dungeon
  2991 | D:5      | Noticed a steam dragon
  3003 | D:5      | Killed a steam dragon
  3003 | D:5      | Reached skill level 1 in Invocations
  3036 | D:5      | Reached *** piety under Zin
  3114 | D:5      | Reached skill level 7 in Maces & Flails
  3114 | D:5      | Reached XP level 7. HP: 11/66 MP: 7/7
  3741 | D:6      | Reached **** piety under Zin
  3780 | D:6      | Noticed Edmund
  3826 | D:6      | Killed Edmund
  3895 | D:6      | Reached skill level 8 in Maces & Flails
  3950 | D:6      | Noticed Dowan
  3951 | D:6      | Noticed Duvessa
  3982 | D:6      | Killed Duvessa
  3982 | D:6      | Reached XP level 8. HP: 27/74 MP: 7/9
  3998 | D:6      | Killed Dowan
  4161 | D:6      | Found a staircase to the Ecumenical Temple.
  4780 | D:7      | Found a sparkling altar of Nemelex Xobeh.
  4935 | D:7      | Found Der Vud's General Store.
  5167 | D:8      | Noticed Erica
  5171 | D:8      | Noticed a hippogriff
  5195 | D:8      | Noticed a hippogriff
  5201 | D:8      | HP: 3/79 [hippogriff (11)]
  5201 | D:8      | HP: 1/79 [hippogriff (2)]
  5201 | D:8      | Zin protects you from harm!
  5206 | D:7      | HP: 1/79 [hippogriff (7)]
  5206 | D:7      | Slain by a hippogriff

Skill      XL: |  1  2  3  4  5  6  7  8 |
---------------+-------------------------+-----
Maces & Flails | 3 5 6 7 8 |  8.6
Invocations    | 1 3 4 |  4.9
Fighting       | 4 |  4.7
Dodging        | |  2.4
Stealth        | |  1.0

Action                   |  1- 3 |  4- 6 |  7- 9 || total
-------------------------+-------+-------+-------++-------
Melee: Unarmed           |   110 |   199 |   104 ||   413
       Flail             |       |       |   194 ||   194
       Dire flail        |       |       |    65 ||    65
Invok: Vitalisation      |       |     1 |     2 ||     3
       Recite            |       |       |     2 ||     2
  Use: Scroll            |       |    11 |     5 ||    16
       Potion            |       |       |     1 ||     1
 Stab: Sleeping          |     3 |     5 |     1 ||     9
       Confused          |       |       |     3 ||     3
  Eat: Chunk             |    13 |    21 |    12 ||    46
Armor: Robe              |    42 |    65 |   138 ||   245
Dodge: Dodged            |    66 |    90 |   172 ||   328
Block: Other             |       |       |     7 ||     7
